[Event "71st RUS-ch Higher League 2018"]
[Site "Yaroslavl"]
[Date "2018.07.04"]
[Round "8"]
[White "Ponkratov, Pavel"]
[Black "Lobanov, Sergei"]
[Result "1-0"]
[ECO "A06"]
[WhiteElo "2622"]
[BlackElo "2521"]
[Annotator "ChessBase"]
[PlyCount "59"]
[EventDate "2018.06.26"]
[EventType "swiss"]
[EventCountry "RUS"]
[SourceTitle "playchess.com"]
[Source "ChessBase"]
[SourceQuality "1"]
[TimeControl "40/5400+30:1800+30"]

1. Nf3 d5 2. g3 Bg4 3. Bg2 Nd7 4. h3 Bh5 5. O-O e6 6. d3 Ngf6 7. c4 Be7 8. cxd5 exd5 9. Nh4 c6 10. Nf5 O-O 11. g4 Bg6 12. Nxe7+ Qxe7 13. f4 h6 14. e3 Ne8 15. f5 Bh7 16. Nc3 Nd6 17. Rb1 Ne5 18. b3 Rad8 19. Rb2 g5 20. Re2 f6 21. d4 Ne4 22. Nxe4 dxe4 23. Bxe4 Nf7 24. Qc2 Rfe8 25. Bf3 Kg7 26. Bb2 Nd6 27. e4 Nb5 28. e5 Nxd4 29. Bxd4 Rxd4 30. exf6+ 1-0

[Event "71st RUS-ch Higher League 2018"]
[Site "Yaroslavl"]
[Date "2018.07.04"]
[Round "8"]
[White "Antipov, Mikhail Al"]
[Black "Gogolev, Artem"]
[Result "1-0"]
[ECO "A05"]
[WhiteElo "2616"]
[BlackElo "2407"]
[Annotator "RC"]
[PlyCount "75"]
[EventDate "2018.06.26"]
[EventType "swiss"]
[EventCountry "RUS"]
[SourceTitle "playchess.com"]
[Source "ChessBase"]
[SourceQuality "1"]
[TimeControl "40/5400+30:1800+30"]

1. Nf3 Nf6 2. c4 e6 3. g3 d5 4. Bg2 d4 5. O-O c5 6. d3 Nc6 7. e3 Be7 8. exd4 cxd4 9. a3 a5 10. Re1 Nd7 11. Nfd2 O-O 12. f4 Qc7 13. b3 Rb8 14. Qc2 b6 15. Nf3 b5 16. Nbd2 bxc4 17. Nxc4 Nc5 18. Rb1 Qa7 19. Bd2 a4 20. b4 Nb3 21. f5 Rb5 22. fxe6 Bxe6 23. Bf4 Qa6 24. Nfd2 Nxd2 25. Qxd2 Na7 26. Rbc1 h6 27. h4 Rc8 28. Be5 Bf8 29. Bxd4 Rd8 30. Qf2 Nc6 31. Bb6 Rc8 32. Bc5 Bxc5 33. bxc5 Bxc4 34. Rxc4 Rb3 35. Bd5 Rf8 36. Rg4 Qc8 37. Rg6 Rxd3 38. Qf6 1-0

[Event "71st RUS-ch Higher League 2018"]
[Site "Yaroslavl"]
[Date "2018.07.04"]
[Round "8"]
[White "Kobalia, Mikhail"]
[Black "Dreev, Aleksey"]
[Result "1-0"]
[ECO "B13"]
[WhiteElo "2608"]
[BlackElo "2657"]
[Annotator "ChessBase"]
[PlyCount "63"]
[EventDate "2018.06.26"]
[EventType "swiss"]
[EventCountry "RUS"]
[SourceTitle "playchess.com"]
[Source "ChessBase"]
[SourceQuality "1"]
[TimeControl "40/5400+30:1800+30"]

1. e4 c6 2. d4 d5 3. exd5 cxd5 4. c4 Nf6 5. Nc3 Nc6 6. Nf3 Bg4 7. Bg5 Ne4 8. Be3 e6 9. cxd5 Nxc3 10. bxc3 Qxd5 11. Rb1 Be7 12. Rxb7 O-O 13. Rb5 Qxa2 14. Bd3 Qa3 15. O-O Rfc8 16. h3 a6 17. Rb6 Bf5 18. Bxf5 exf5 19. c4 Bd8 20. Rb3 Qa2 21. c5 Bf6 22. d5 f4 23. Bc1 Rd8 24. d6 a5 25. Rb6 Nb4 26. Bd2 Qc4 27. Qc1 Nc2 28. Qb1 Qxc5 29. Rc1 Rac8 30. Rb5 Qc6 31. Bxa5 Rxd6 32. Rb8 1-0

[Event "71st RUS-ch Higher League 2018"]
[Site "Yaroslavl"]
[Date "2018.07.04"]
[Round "8"]
[White "Kokarev, Dmitry"]
[Black "Goganov, Aleksey"]
[Result "1/2-1/2"]
[ECO "C65"]
[WhiteElo "2603"]
[BlackElo "2576"]
[Annotator "ChessBase"]
[PlyCount "81"]
[EventDate "2018.06.26"]
[EventType "swiss"]
[EventCountry "RUS"]
[SourceTitle "playchess.com"]
[Source "ChessBase"]
[SourceQuality "1"]
[TimeControl "40/5400+30:1800+30"]

1. e4 e5 2. Nf3 Nc6 3. Bb5 Nf6 4. d3 Bc5 5. Bxc6 dxc6 6. Nbd2 Be6 7. O-O Nd7 8. Nb3 Be7 9. d4 f6 10. dxe5 Nxe5 11. Nxe5 Qxd1 12. Rxd1 fxe5 13. Be3 b6 14. Nc1 Bf6 15. Nd3 O-O-O 16. f3 c5 17. Nf2 Rdg8 18. Ng4 h5 19. Nxf6 gxf6 20. Kf2 h4 21. Rd2 a5 22. a3 Rh7 23. Rh1 Bd7 24. Rg1 Kd8 25. Rdd1 Ke7 26. g4 hxg3+ 27. hxg3 Ba4 28. Rc1 Rh2+ 29. Rg2 Rgh8 30. c3 c4 31. g4 Ke6 32. Rcg1 R8h7 33. g5 fxg5 34. Bxg5 Rxg2+ 35. Rxg2 Rg7 36. Bh4 Rxg2+ 37. Kxg2 Be8 38. Kf2 a4 39. Ke3 b5 40. Bg3 c6 41. Bf2 1/2-1/2

[Event "71st RUS-ch Higher League 2018"]
[Site "Yaroslavl"]
[Date "2018.07.04"]
[Round "8"]
[White "Esipenko, Andrey"]
[Black "Iskusnyh, Sergei"]
[Result "1/2-1/2"]
[ECO "D11"]
[WhiteElo "2599"]
[BlackElo "2473"]
[Annotator "ChessBase"]
[PlyCount "151"]
[EventDate "2018.06.26"]
[EventType "swiss"]
[EventCountry "RUS"]
[SourceTitle "playchess.com"]
[Source "ChessBase"]
[SourceQuality "1"]
[TimeControl "40/5400+30:1800+30"]

1. d4 d5 2. c4 c6 3. Nf3 Nf6 4. Qb3 dxc4 5. Qxc4 Bf5 6. g3 e6 7. Bg2 Nbd7 8. O-O Be7 9. Nc3 O-O 10. Re1 h6 11. e4 Bh7 12. a3 a5 13. Qe2 Re8 14. Bd2 Bf8 15. Rad1 b5 16. Ne5 Nxe5 17. dxe5 Nd7 18. Be3 Qc7 19. f4 Nb6 20. Qc2 Qb7 21. Bf2 b4 22. axb4 axb4 23. Nb1 c5 24. Nd2 c4 25. Nxc4 Rac8 26. Bf1 Nxc4 27. Bxc4 b3 28. Qxb3 Qb4 29. Rd4 Bc5 30. Qxb4 Bxb4 31. Rc1 Bc5 32. Ba6 Bxd4 33. Rxc8 Rxc8 34. Bxc8 Bxb2 35. Bb7 Bc1 36. Kg2 g5 37. Kf3 Bg6 38. Kg4 Kg7 39. Bc5 gxf4 40. gxf4 f5+ 41. exf6+ Kxf6 42. Bd4+ Kf7 43. h4 Bh7 44. h5 Kf8 45. Kf3 Bg8 46. Bc8 Bf7 47. Kg4 Bd2 48. Be5 Bb4 49. Ba6 Bc5 50. Be2 Be8 51. Bc3 Bc6 52. Bd3 Kf7 53. Kf3 Ba4 54. Ke2 Ke7 55. Kd2 Be8 56. Be2 Bc6 57. Bf3 Bd6 58. Ke3 Bc5+ 59. Ke2 Kf7 60. Be5 Bb5+ 61. Kd2 Bb4+ 62. Kc2 Ba4+ 63. Kd3 Bb5+ 64. Kd4 Ba3 65. Bc7 Ke7 66. Ba5 Bc6 67. Bd2 Bb7 68. Bd1 Bb2+ 69. Ke3 Ba3 70. Bb3 Bc6 71. Bc3 Be8 72. Bd1 Bc1+ 73. Bd2 Bxd2+ 74. Kxd2 e5 75. Ke3 Kf6 76. Bg4 1/2-1/2

[Event "71st RUS-ch Higher League 2018"]
[Site "Yaroslavl"]
[Date "2018.07.04"]
[Round "8"]
[White "Potkin, Vladimir"]
[Black "Sviridov, Valery"]
[Result "1/2-1/2"]
[ECO "B06"]
[WhiteElo "2592"]
[BlackElo "2513"]
[Annotator "ChessBase"]
[PlyCount "75"]
[EventDate "2018.06.26"]
[EventType "swiss"]
[EventCountry "RUS"]
[SourceTitle "playchess.com"]
[Source "ChessBase"]
[SourceQuality "1"]
[TimeControl "40/5400+30:1800+30"]

1. e4 g6 2. d4 Bg7 3. Nc3 d6 4. Be3 a6 5. Nf3 b5 6. Bd3 Bb7 7. e5 Nd7 8. e6 fxe6 9. Ng5 Nf8 10. O-O Nh6 11. a4 b4 12. Ne2 Nf5 13. c3 bxc3 14. Bxf5 cxb2 15. Rb1 gxf5 16. Nf4 Bf6 17. Ngxe6 Nxe6 18. Nxe6 Rg8 19. g3 Qc8 20. Qh5+ Rg6 21. Nf4 Kd8 22. Rxb2 Rg4 23. Qxh7 Bf3 24. Rc1 Rxf4 25. Bxf4 Qe6 26. Rbc2 Bd5 27. Rxc7 Qe4 28. Kf1 Rb8 29. Be3 Qh1+ 30. Ke2 Rb2+ 31. R7c2 Rxc2+ 32. Rxc2 Bf3+ 33. Kd2 Qd1+ 34. Kc3 Qa1+ 35. Kd2 Qd1+ 36. Kc3 Qa1+ 37. Kd2 Qd1+ 38. Kc3 1/2-1/2

[Event "71st RUS-ch Higher League 2018"]
[Site "Yaroslavl"]
[Date "2018.07.04"]
[Round "8"]
[White "Timofeev, Artyom"]
[Black "Khismatullin, Denis"]
[Result "0-1"]
[ECO "A05"]
[WhiteElo "2583"]
[BlackElo "2627"]
[Annotator "ChessBase"]
[PlyCount "54"]
[EventDate "2018.06.26"]
[EventType "swiss"]
[EventCountry "RUS"]
[SourceTitle "playchess.com"]
[Source "ChessBase"]
[SourceQuality "1"]
[TimeControl "40/5400+30:1800+30"]

1. Nf3 Nf6 2. c4 e6 3. Nc3 d5 4. d4 Nbd7 5. e3 a6 6. b3 b6 7. Bb2 Bb7 8. Bd3 Bd6 9. O-O O-O 10. Re1 Ne4 11. a3 f5 12. b4 dxc4 13. Bxc4 Qe7 14. Nxe4 fxe4 15. Ne5 Bxe5 16. dxe5 Rf5 17. Ra2 b5 18. Bb3 c5 19. bxc5 Nxc5 20. Bc2 Bd5 21. Ra1 Raf8 22. Rf1 Qh4 23. f4 exf3 24. Bxf5 Rxf5 25. Rxf3 Bxf3 26. gxf3 Ne4 27. fxe4 Rf2 0-1

[Event "71st RUS-ch Higher League 2018"]
[Site "Yaroslavl"]
[Date "2018.07.04"]
[Round "8"]
[White "Sakaev, Konstantin"]
[Black "Predke, Alexandr"]
[Result "1/2-1/2"]
[ECO "E16"]
[WhiteElo "2580"]
[BlackElo "2613"]
[Annotator "ChessBase"]
[PlyCount "214"]
[EventDate "2018.06.26"]
[EventType "swiss"]
[EventCountry "RUS"]
[SourceTitle "playchess.com"]
[Source "ChessBase"]
[SourceQuality "1"]
[TimeControl "40/5400+30:1800+30"]

1. d4 Nf6 2. c4 e6 3. Nf3 b6 4. g3 Bb7 5. Bg2 Bb4+ 6. Nbd2 O-O 7. O-O a5 8. Qc2 c5 9. Rd1 cxd4 10. Nxd4 Bxg2 11. Kxg2 Qc7 12. b3 Rc8 13. Bb2 Qb7+ 14. N4f3 Be7 15. Rac1 d5 16. Qb1 Nbd7 17. cxd5 Nxd5 18. Rxc8+ Rxc8 19. Rc1 Rxc1 20. Qxc1 b5 21. Kg1 h6 22. Bd4 Bf8 23. Qc2 Nb4 24. Qb2 Qd5 25. Nb1 Nc6 26. Nc3 Qf5 27. Qb1 Qxb1+ 28. Nxb1 e5 29. Be3 Bb4 30. Kf1 f5 31. Ne1 Kf7 32. Nd3 Bf8 33. Nc3 e4 34. Nf4 b4 35. Na4 g5 36. Nd5 Bd6 37. f3 Ke6 38. fxe4 Ke5 39. Ndb6 Kxe4 40. Nc4 Bc7 41. Bf2 h5 42. Nd2+ Kd5 43. Be3 g4 44. Bg5 Nf8 45. e3 Nh7 46. Bh6 Nf6 47. Nb2 Ke6 48. Nd3 Nd5 49. Nc4 Nc3 50. a3 bxa3 51. Nxa3 Kd5 52. Bg7 Ne4 53. Ke2 Ng5 54. Nb5 Bb8 55. Nc3+ Ke6 56. Ne1 Kf7 57. Bh8 Bd6 58. Nb5 Bb8 59. Bd4 Ne4 60. Ng2 Ne5 61. Nh4 Ke6 62. Bb6 Nc6 63. Ng2 Kd5 64. Nf4+ Bxf4 65. exf4 a4 66. bxa4 Kc4 67. Ke3 Nb4 68. Bd8 Nd5+ 69. Ke2 Ndc3+ 70. Nxc3 Nxc3+ 71. Ke3 Nxa4 72. Bf6 Nb6 73. Be5 Nd5+ 74. Ke2 Nb4 75. Bf6 Kb3 76. Kd2 Kc4 77. Ke2 Nc2 78. Kd2 Na3 79. Ke2 Nb5 80. Kd2 Nd6 81. Ke2 Ne4 82. Bg7 Nc5 83. Kd2 Nd3 84. Ke3 Ne1 85. Ke2 Nf3 86. h4 Nh2 87. Bf6 Kd5 88. Bg7 Ke4 89. Bh8 Nf3 90. Bf6 Kd5 91. Kd3 Kc5 92. Be7+ Kb5 93. Bf8 Ka4 94. Bc5 Kb3 95. Ke2 Kc3 96. Bf2 Kb2 97. Bb6 Kc1 98. Bc5 Kc2 99. Be3 Kb3 100. Bb6 Kc4 101. Bf2 Kc3 102. Bb6 Kc2 103. Be3 Kc3 104. Bb6 Kc4 105. Bf2 Kb5 106. Kd3 Kb4 107. Ke2 Kc3 1/2-1/2

[Event "71st RUS-ch Higher League 2018"]
[Site "Yaroslavl"]
[Date "2018.07.04"]
[Round "8"]
[White "Moskalenko, Alexander"]
[Black "Oganian, Miran"]
[Result "1/2-1/2"]
[ECO "B24"]
[WhiteElo "2558"]
[BlackElo "2432"]
[Annotator "ChessBase"]
[PlyCount "90"]
[EventDate "2018.06.26"]
[EventType "swiss"]
[EventCountry "RUS"]
[SourceTitle "playchess.com"]
[Source "ChessBase"]
[SourceQuality "1"]
[TimeControl "40/5400+30:1800+30"]

1. e4 c5 2. Nc3 Nc6 3. Bb5 Nd4 4. Nf3 e6 5. O-O a6 6. Bd3 Ne7 7. Nxd4 cxd4 8. Ne2 Nc6 9. c3 Bc5 10. b4 Be7 11. f4 O-O 12. a3 d6 13. Kh1 Bf6 14. Bb2 dxc3 15. dxc3 b5 16. Qc2 g6 17. c4 bxc4 18. Bxc4 Bb7 19. Rad1 Bxb2 20. Qxb2 Ne7 21. Bd3 d5 22. f5 exf5 23. exf5 Qd6 24. Ng3 Nc6 25. Be4 Qe5 26. Qxe5 Nxe5 27. Bxd5 Bxd5 28. Rxd5 Nc4 29. Rd3 a5 30. Rc1 axb4 31. axb4 Rfb8 32. Kg1 Ra3 33. Rxa3 Nxa3 34. f6 h6 35. Ne4 Rxb4 36. Rc8+ Kh7 37. Nd6 Rb6 38. Nxf7 Rxf6 39. Rc7 Nb5 40. Rd7 Nc3 41. h4 h5 42. Kh2 Kg8 43. Ne5 Re6 44. Nd3 Re4 45. Kg3 Rd4 1/2-1/2

[Event "71st RUS-ch Higher League 2018"]
[Site "Yaroslavl"]
[Date "2018.07.04"]
[Round "8"]
[White "Lomasov, Semen"]
[Black "Yanchenko, Roman"]
[Result "1/2-1/2"]
[ECO "C16"]
[WhiteElo "2549"]
[BlackElo "2462"]
[Annotator "ChessBase"]
[PlyCount "81"]
[EventDate "2018.06.26"]
[EventType "swiss"]
[EventCountry "RUS"]
[SourceTitle "playchess.com"]
[Source "ChessBase"]
[SourceQuality "1"]
[TimeControl "40/5400+30:1800+30"]

1. e4 e6 2. d4 d5 3. Nc3 Bb4 4. e5 Ne7 5. a3 Bxc3+ 6. bxc3 b6 7. Qg4 Kf8 8. a4 h5 9. Qf3 Ba6 10. Bxa6 Nxa6 11. a5 Nb8 12. Ne2 Ng6 13. O-O Nc6 14. axb6 cxb6 15. c4 Rc8 16. Ba3+ Kg8 17. cxd5 exd5 18. Bd6 Nh4 19. Qh3 g6 20. c4 Nf5 21. cxd5 Na5 22. Bb4 Qxd5 23. Ng3 Nxg3 24. hxg3 Kh7 25. Bxa5 bxa5 26. g4 Qxd4 27. Rxa5 Kg7 28. Qe3 Qxe3 29. fxe3 Rc7 30. Rfa1 hxg4 31. Rxa7 Rxa7 32. Rxa7 Re8 33. Ra5 Rb8 34. Ra4 g3 35. Kf1 Rb2 36. Rg4 Rf2+ 37. Kg1 Rf5 38. Rxg3 Rxe5 39. Kf2 Ra5 40. Rg4 Rb5 41. Ra4 1/2-1/2

[Event "71st RUS-ch Higher League 2018"]
[Site "Yaroslavl"]
[Date "2018.07.04"]
[Round "8"]
[White "Triapishko, Alexandr"]
[Black "Vavulin, Maksim"]
[Result "1-0"]
[ECO "C84"]
[WhiteElo "2513"]
[BlackElo "2552"]
[Annotator "ChessBase"]
[PlyCount "77"]
[EventDate "2018.06.26"]
[EventType "swiss"]
[EventCountry "RUS"]
[SourceTitle "playchess.com"]
[Source "ChessBase"]
[SourceQuality "1"]
[TimeControl "40/5400+30:1800+30"]

1. e4 e5 2. Nf3 Nc6 3. Bb5 a6 4. Ba4 Nf6 5. O-O Be7 6. d3 d6 7. c3 O-O 8. Nbd2 Nd7 9. Re1 Nb6 10. Bb3 Kh8 11. d4 exd4 12. Nxd4 a5 13. N2f3 a4 14. Bc2 Bg4 15. Nxc6 bxc6 16. Qd3 Bh5 17. Nd4 Qd7 18. Nf5 Bd8 19. Bf4 Bg6 20. Rad1 Re8 21. g4 Qe6 22. h4 h5 23. g5 Qxa2 24. Bc1 Nd7 25. f4 Nc5 26. Qd4 f6 27. Qf2 a3 28. bxa3 Qc4 29. Ne3 Qxc3 30. f5 Bf7 31. g6 Bb3 32. Bd2 Qb2 33. Rb1 Qxa3 34. Qf3 Ba2 35. Bb4 Qa7 36. Ra1 Kg8 37. Qxh5 Qb6 38. Qh7+ Kf8 39. Rxa2 1-0

[Event "71st RUS-ch Higher League 2018"]
[Site "Yaroslavl"]
[Date "2018.07.04"]
[Round "8"]
[White "Goryachkina, Aleksandra"]
[Black "Paravyan, David"]
[Result "1-0"]
[ECO "A86"]
[WhiteElo "2505"]
[BlackElo "2634"]
[Annotator "ChessBase"]
[PlyCount "197"]
[EventDate "2018.06.26"]
[EventType "swiss"]
[EventCountry "RUS"]
[SourceTitle "playchess.com"]
[Source "ChessBase"]
[SourceQuality "1"]
[TimeControl "40/5400+30:1800+30"]

1. d4 f5 2. c4 Nf6 3. g3 g6 4. Nf3 Bg7 5. b4 b6 6. Bb2 Bb7 7. Bg2 e6 8. O-O Qe7 9. a3 O-O 10. Nc3 Ne4 11. Qb3 d6 12. Nxe4 Bxe4 13. Nd2 Bxg2 14. Kxg2 Nd7 15. e3 a5 16. Rfd1 g5 17. d5 Bxb2 18. Qxb2 e5 19. f3 h5 20. Qc2 Qg7 21. b5 f4 22. Rf1 g4 23. Rae1 h4 24. gxf4 g3 25. h3 exf4 26. e4 a4 27. Re2 Rf7 28. Rd1 Ne5 29. Qc3 Qg5 30. Rf1 Re7 31. Rd1 Qf6 32. Rc1 Rf8 33. Nb1 Qg6 34. Nd2 Nf7 35. Rh1 Nh6 36. Rhe1 Rfe8 37. Qd3 Re5 38. Nb1 Rf8 39. Nc3 Qh7 40. Rf1 Rfe8 41. Qd2 Qf7 42. Ree1 Rf8 43. Qd3 Qe8 44. Ne2 Nf7 45. Nd4 Ng5 46. Rh1 Qg6 47. Re2 Kh7 48. Ree1 Rfe8 49. Re2 Kh6 50. Rhe1 Kh5 51. Rh1 Qg7 52. Ree1 Kg6 53. Ne2 Kh6 54. Nc3 R5e7 55. Re2 Nf7 56. Nb1 Ne5 57. Qc3 Qg6 58. Nd2 Nd7 59. Rd1 Nc5 60. Ree1 Qh5 61. Qc2 Qe5 62. Re2 Ra8 63. Nb1 Rae8 64. Nc3 Nd7 65. Ree1 Qh5 66. Nb1 Ne5 67. Nd2 Nf7 68. Qd3 Ng5 69. Rh1 Qg6 70. Rde1 Qf6 71. Re2 Qf5 72. Ree1 Qg6 73. Re2 Qg7 74. Ree1 Qb2 75. Re2 Qf6 76. Ree1 c5 77. bxc6 Nf7 78. Re2 Ne5 79. Qc3 Rb8 80. Rb1 Qf8 81. Ree1 Qc8 82. Qd4 Kg6 83. Re2 Nf7 84. Ree1 Ng5 85. Rh1 Ra7 86. Rxb6 Qc7 87. Rxb8 Qxb8 88. c5 dxc5 89. Qxc5 Qb2 90. Rd1 Nxe4 91. fxe4 f3+ 92. Kxf3 Rf7+ 93. Ke2 Qe5 94. Rf1 Qh5+ 95. Ke1 Rxf1+ 96. Nxf1 Qe5 97. c7 Qxe4+ 98. Ne3 Qb1+ 99. Kd2 1-0

[Event "71st RUS-ch Higher League 2018"]
[Site "Yaroslavl"]
[Date "2018.07.04"]
[Round "8"]
[White "Sek, Konstantin"]
[Black "Girya, Olga"]
[Result "1-0"]
[ECO "B10"]
[WhiteElo "2476"]
[BlackElo "2457"]
[Annotator "ChessBase"]
[PlyCount "67"]
[EventDate "2018.06.26"]
[EventType "swiss"]
[EventCountry "RUS"]
[SourceTitle "playchess.com"]
[Source "ChessBase"]
[SourceQuality "1"]
[TimeControl "40/5400+30:1800+30"]

1. e4 c6 2. c4 d5 3. exd5 cxd5 4. cxd5 Nf6 5. Qa4+ Nbd7 6. Nc3 g6 7. Bc4 Bg7 8. Nf3 a6 9. d3 Rb8 10. Bb3 b5 11. Qh4 Nc5 12. O-O Nxb3 13. axb3 Nxd5 14. Bh6 Bxh6 15. Qxh6 Nxc3 16. bxc3 Qd6 17. Ng5 Bb7 18. Rfe1 Qf6 19. Nxh7 Qc6 20. f3 Qxc3 21. Qh4 g5 22. Qxg5 Qd4+ 23. Kh1 e6 24. Rac1 Rc8 25. Rxc8+ Bxc8 26. h3 Qxd3 27. Nf6+ Kf8 28. Nh5 Qd4 29. Re4 Qd1+ 30. Kh2 Qd6+ 31. f4 Ke8 32. Nf6+ Kf8 33. Re3 Bb7 34. Rg3 1-0

[Event "71st RUS-ch Higher League 2018"]
[Site "Yaroslavl"]
[Date "2018.07.04"]
[Round "8"]
[White "Gaifullin, Artur"]
[Black "Ovetchkin, Roman"]
[Result "1-0"]
[ECO "E92"]
[WhiteElo "2448"]
[BlackElo "2546"]
[Annotator "ChessBase"]
[PlyCount "81"]
[EventDate "2018.06.26"]
[EventType "swiss"]
[EventCountry "RUS"]
[SourceTitle "playchess.com"]
[Source "ChessBase"]
[SourceQuality "1"]
[TimeControl "40/5400+30:1800+30"]

1. d4 Nf6 2. Nf3 g6 3. c4 Bg7 4. Nc3 O-O 5. e4 d6 6. Be2 e5 7. Be3 exd4 8. Nxd4 Re8 9. f3 c6 10. Nc2 d5 11. cxd5 cxd5 12. Bg5 h6 13. Bxf6 Qxf6 14. Nxd5 Qxb2 15. Rb1 Qxa2 16. O-O Qa5 17. Nce3 Nc6 18. Kh1 Qd8 19. Bc4 Nd4 20. Qa4 Bd7 21. Qd1 b5 22. Ba2 a5 23. Ng4 Bxg4 24. fxg4 Ra7 25. Qd3 Be5 26. Qh3 Qg5 27. Rbc1 Kg7 28. Rc5 Qd2 29. g5 hxg5 30. Nc7 Re7 31. Nxb5 Qe2 32. Bc4 Qxe4 33. Nxa7 Rxa7 34. Bd3 g4 35. Bxe4 gxh3 36. Rxe5 hxg2+ 37. Kxg2 a4 38. Rd5 Ne6 39. Rb5 Ra6 40. Bd5 Nd8 41. Ba2 1-0

[Event "71st RUS-ch Higher League 2018"]
[Site "Yaroslavl"]
[Date "2018.07.04"]
[Round "8"]
[White "Zakaryan, David"]
[Black "Tekeyev, Zaur"]
[Result "1-0"]
[ECO "A01"]
[WhiteElo "2387"]
[BlackElo "2407"]
[Annotator "NA"]
[PlyCount "86"]
[EventDate "2018.06.26"]
[EventType "swiss"]
[EventCountry "RUS"]
[SourceTitle "playchess.com"]
[Source "ChessBase"]
[SourceQuality "1"]
[TimeControl "40/5400+30:1800+30"]

1. b3 Nf6 2. Bb2 g6 3. Bxf6 exf6 4. c4 d5 5. cxd5 Qxd5 6. Nc3 Qa5 7. g3 Ba3 8. Qc2 Bf5 9. e4 Nc6 10. Bb5 Bd7 11. Nge2 O-O-O 12. d4 Nb4 13. Bxd7+ Rxd7 14. Qd2 Bb2 15. O-O Bxa1 16. Rxa1 Nc6 17. d5 Ne5 18. Kg2 h5 19. f4 Nc6 20. Qb2 Ne7 21. Rc1 h4 22. Nd4 Kb8 23. Na4 hxg3 24. hxg3 Rd6 25. Nc5 c6 26. b4 Qb6 27. a4 a5 28. Rb1 cxd5 29. e5 fxe5 30. fxe5 Rdd8 31. bxa5 Qxb2+ 32. Rxb2 Ka8 33. Rxb7 Rc8 34. Rxe7 Rxc5 35. a6 Rc4 36. Nb5 Rxa4 37. Ra7+ Kb8 38. Rb7+ Kc8 39. Nd6+ Kd8 40. Nxf7+ Kc8 41. Nd6+ Kd8 42. e6 Ra2+ 43. Kf3 Rf8+ {[%emt 0:00:04] Ke4} 1-0

[Event "71st RUS-ch Higher League 2018"]
[Site "Yaroslavl"]
[Date "2018.07.04"]
[Round "8"]
[White "Bykov, Oleg"]
[Black "Moiseenko, Vadim"]
[Result "1-0"]
[ECO "D31"]
[WhiteElo "2375"]
[BlackElo "2517"]
[Annotator "ChessBase"]
[PlyCount "67"]
[EventDate "2018.06.26"]
[EventType "swiss"]
[EventCountry "RUS"]
[SourceTitle "playchess.com"]
[Source "ChessBase"]
[SourceQuality "1"]
[TimeControl "40/5400+30:1800+30"]

1. d4 d5 2. c4 e6 3. Nc3 h6 4. Nf3 Nf6 5. Bf4 Bd6 6. Bxd6 Qxd6 7. e3 b6 8. Rc1 O-O 9. cxd5 Nxd5 10. Be2 Bb7 11. Nb5 Qe7 12. O-O c6 13. Nc3 Nd7 14. Nxd5 exd5 15. Qa4 a5 16. Qb3 Qd6 17. Rfd1 Rfe8 18. Bd3 g6 19. h4 Kg7 20. h5 Re6 21. Nh4 Qe7 22. g3 Ba6 23. Bf5 g5 24. Bxe6 Qxe6 25. Ng2 Be2 26. Re1 Bc4 27. Qc2 Nf6 28. b3 Ba6 29. Qxc6 Qh3 30. Qxa8 Bd3 31. f3 g4 32. Qc8 Qxg3 33. Qc7 Qxf3 34. Qf4 1-0

[Event "71st RUS-ch Higher League 2018"]
[Site "Yaroslavl"]
[Date "2018.07.04"]
[Round "8"]
[White "Bykov, Egor"]
[Black "Okrugin, Sergey"]
[Result "1-0"]
[ECO "E18"]
[WhiteElo "2373"]
[BlackElo "2334"]
[Annotator "NA"]
[PlyCount "127"]
[EventDate "2018.06.26"]
[EventType "swiss"]
[EventCountry "RUS"]
[SourceTitle "playchess.com"]
[Source "ChessBase"]
[SourceQuality "1"]
[TimeControl "40/5400+30:1800+30"]

1. d4 Nf6 2. c4 e6 3. Nf3 b6 4. g3 Bb7 5. Bg2 Be7 6. O-O O-O 7. Nc3 Ne4 8. Bd2 Bf6 9. Rc1 c5 10. d5 exd5 11. cxd5 Nxd2 12. Nxd2 d6 13. Re1 Re8 14. Nde4 Be7 15. f4 Nd7 16. a3 a6 17. b4 cxb4 18. axb4 Rc8 19. Qd3 b5 20. Nd2 Bf6 21. Nce4 Nb6 22. Rxc8 Bxc8 23. Nxf6+ Qxf6 24. e4 g5 25. Rf1 gxf4 26. gxf4 Kh8 27. Kh1 Rg8 28. Nb3 Qg7 29. Qd4 f6 30. Rg1 Nc4 31. Bf1 Qh6 32. Rxg8+ Kxg8 33. Bxc4 bxc4 34. Qxc4 Bh3 35. Qd3 Kf7 36. Nd2 Qxf4 37. Qxh3 Qxd2 38. Qxh7+ Kf8 39. Qh8+ Kf7 40. Qh5+ Ke7 41. Qh7+ Kf8 42. Qg6 Qxb4 43. Qxf6+ Ke8 44. Qe6+ Kd8 45. h4 Kc7 46. h5 a5 47. h6 a4 48. Qe7+ Kb6 49. h7 Qe1+ 50. Kg2 Qe2+ 51. Kg3 Qe3+ 52. Kg4 Qe2+ 53. Kg5 Qg2+ 54. Kf6 Qf3+ 55. Ke6 Qxe4+ 56. Kxd6 Qb4+ 57. Kd7 Qb5+ 58. Ke6 Qe2+ 59. Kd6 Qh2+ 60. Kd7 Kb5 61. Kc8 a3 62. Qe8+ Kb6 63. Qc6+ Ka5 64. Qc7+ 1-0

[Event "71st RUS-ch Higher League 2018"]
[Site "Yaroslavl"]
[Date "2018.07.04"]
[Round "8"]
[White "Bimiev, Ahmad"]
[Black "Rodin, Dmitrij"]
[Result "0-1"]
[ECO "A15"]
[WhiteElo "2125"]
[BlackElo "2402"]
[Annotator "NA"]
[PlyCount "135"]
[EventDate "2018.06.26"]
[EventType "swiss"]
[EventCountry "RUS"]
[SourceTitle "playchess.com"]
[Source "ChessBase"]
[SourceQuality "1"]
[TimeControl "40/5400+30:1800+30"]

1. c4 Nf6 2. Nf3 e6 3. g3 b6 4. Bg2 Bb7 5. O-O Be7 6. b3 O-O 7. Bb2 c5 8. Nc3 d6 9. Re1 a6 10. d4 cxd4 11. Nxd4 Bxg2 12. Kxg2 Qc7 13. e3 Nbd7 14. f4 Nc5 15. e4 Rfe8 16. Qf3 Bf8 17. Rad1 Rac8 18. Rd2 Qb8 19. e5 Nfd7 20. exd6 Bxd6 21. Red1 Bf8 22. b4 e5 23. Nc6 e4 24. Nxe4 Rxc6 25. Nxc5 Rxc5 26. bxc5 Nxc5 27. Be5 Qc8 28. Qd5 h6 29. Rb1 Re6 30. Rf1 Rc6 31. f5 Nb7 32. Qd7 Rxc4 33. Qxc8 Rxc8 34. f6 g5 35. Rfd1 Re8 36. Bc3 Re3 37. Rc2 Nc5 38. Re1 Rxe1 39. Bxe1 Kh7 40. Bc3 Kg6 41. Re2 Nd7 42. Re8 Bc5 43. Rc8 Kf5 44. h3 h5 45. Rc6 g4 46. h4 a5 47. a4 Ne5 48. Rc7 Nc4 49. Rxf7 Ke6 50. Rc7 Ne3+ 51. Kh1 Nd5 52. Rc6+ Kd7 53. Rxc5 bxc5 54. Bxa5 Nxf6 55. Kg2 Ne4 56. Be1 c4 57. Kf1 c3 58. Ke2 c2 59. Bd2 Nxg3+ 60. Kd3 Nf1 61. Bf4 g3 62. Ke2 Nh2 63. Kd2 Nf3+ 64. Kxc2 g2 65. Be3 g1=Q 66. Bxg1 Nxg1 67. Kd3 Nf3 68. Ke4 0-1

[Event "71st RUS-ch Higher League 2018"]
[Site "Yaroslavl"]
[Date "2018.07.05"]
[Round "9"]
[White "Sjugirov, Sanan"]
[Black "Ponkratov, Pavel"]
[Result "1-0"]
[ECO "C65"]
[WhiteElo "2663"]
[BlackElo "2622"]
[Annotator "ChessBase"]
[PlyCount "81"]
[EventDate "2018.06.26"]
[EventType "swiss"]
[EventCountry "RUS"]
[SourceTitle "playchess.com"]
[Source "ChessBase"]
[SourceQuality "1"]
[TimeControl "40/5400+30:1800+30"]

1. e4 e5 2. Nf3 Nc6 3. Bb5 Nf6 4. d3 d6 5. O-O Bd7 6. Re1 g6 7. d4 Bg7 8. d5 Ne7 9. Bxd7+ Nxd7 10. Be3 h6 11. Nfd2 f5 12. f3 h5 13. c4 b6 14. Nc3 f4 15. Bf2 g5 16. b4 Nf6 17. c5 Ng6 18. Rc1 O-O 19. cxd6 cxd6 20. Nb5 Rf7 21. Rc6 Ne8 22. a4 Qd7 23. Qc2 g4 24. Kh1 Bf6 25. Rc1 Ne7 26. Rc3 Rg7 27. Bg1 Rd8 28. Qd3 Ng6 29. Qf1 Rb8 30. Rc6 Ne7 31. R6c2 Bg5 32. Nc7 Nxc7 33. Rxc7 Qxa4 34. b5 Kh7 35. R7c2 Rbg8 36. fxg4 f3 37. Qxf3 hxg4 38. Qd3 Bxd2 39. Rxd2 Rf8 40. Rdd1 Ng8 41. Ra1 1-0